 Dungeon Crawl Stone Soup version 0.28.0-43-g3370ac3207 (webtiles) character file.

Game seed: 448115000579013145

87 safid the Chopper (level 4, -1/40 HPs)
             Began as a Hill Orc Fighter on Mar 12, 2022.
             Was an Initiate of Beogh.
             Slain by Edmund
             ... wielding a +3 dire flail of holy wrath
              (7 damage)
             ... on level 4 of the Dungeon.
             The game lasted 00:03:13 (2372 turns).

safid the Chopper (Hill Orc Fighter)                Turns: 2372, Time: 00:03:14

Health: -1/40      AC:  9    Str: 20    XL:     4   Next: 51%
Magic:  4/4        EV:  9    Int:  8    God:    Beogh [......]
Gold:   134        SH:  4    Dex: 10    Spells: 3/3 levels left

rFire   . . .      SeeInvis .   a - +0 war axe
rCold   . . .      Faith    .   c - +0 buckler
rNeg    . . .      Spirit   .   b - +0 scale mail
rPois   .          Reflect  .   (no helmet)
rElec   .          Harm     .   q - +0 cloak
rCorr   .          Rampage  .   (no gloves)
Will    .....                   p - +0 pair of boots
Stlth   ..........              (no amulet)
HPRegen 0.13/turn               (no ring)
MPRegen 0.09/turn               (no ring)

@: no status effects
A: no striking features
a: Renounce Religion


You were on level 4 of the Dungeon.
You worshipped Beogh.
Beogh was noncommittal.
You visited 1 branch of the dungeon, and saw 4 of its levels.

You collected 134 gold pieces.

Inventory:

Hand Weapons
 a - a +0 war axe (weapon)
Armour
 b - a +0 scale mail (worn)
 c - a +0 buckler (worn)
 l - the +0 ring mail of Curiosity {rC+ Str+3 Int+4 Dex-4}
   (You found it on level 3 of the Dungeon)

   Str:       It affects your strength (+3).
   Int:       It affects your intelligence (+4).
   Dex:       It affects your dexterity (-4).
   rC:        It protects you from cold.
 p - a +0 pair of boots (worn)
 q - a +0 cloak (worn)
Scrolls
 e - a scroll of blinking {unknown}
 f - a scroll of teleportation {unknown}
 g - a scroll of immolation {unknown}
 i - a scroll of identify {unknown}
 j - a scroll of enchant armour {unknown}
 k - 2 scrolls of noise {unknown}
 n - a scroll of enchant weapon {unknown}
 o - a scroll of fog {unknown}
Potions
 d - a potion of might
 h - a potion of resistance {unknown}
 m - a potion of attraction {unknown}


   Skills:
 - Level 4.0 Fighting
 + Level 4.4 Axes
 - Level 4.0 Armour
 - Level 4.0 Shields


You had 3 spell levels left.
You didn't know any spells.
Your spell library was empty.

Dungeon Overview and Level Annotations

Branches:
Dungeon (4/15)
 Temple: D:4-7

Altars:

Shops:
D:3 (

Annotations:
D:4 Edmund


Message History

You see here a dart slug corpse.
As you open the large door, it creaks loudly!
You hear the slow rusting of a distant drain.
There is a large open door here.
Found 18 gold pieces.
Found an escape hatch in the floor.
There is an escape hatch in the floor here.
Edmund the Younger comes into view.
He is wielding a +3 dire flail of holy wrath and wearing a +2 leather armour of fire resistance.
Edmund shouts!
Edmund hits you with a +3 dire flail of holy wrath!
Edmund hits you with a +3 dire flail of holy wrath!
You barely miss Edmund.
Edmund hits you with a +3 dire flail of holy wrath.
You block Edmund's attack.
Unknown command.
You hit Edmund.
Edmund is lightly wounded.
Edmund hits you with a +3 dire flail of holy wrath!
Unknown command.
You hit Edmund but do no damage.
Edmund is lightly wounded.
Edmund barely misses you.
Unknown command.
You closely miss Edmund.
Edmund is lightly wounded.
Edmund hits you but does no damage. x2
Unknown command.
You hit Edmund.
Edmund is lightly wounded.
Edmund hits you but does no damage.
Unknown command.
You barely miss Edmund.
Edmund is lightly wounded.
Edmund hits you with a +3 dire flail of holy wrath!
* * * LOW HITPOINT WARNING * * *
You slash Edmund!
Edmund is moderately wounded.
Edmund says, "People will remember me!
They'll remember me and die!"
Edmund hits you with a +3 dire flail of holy wrath!
You die...

#..##
##..## #
##..###.#
##.....#
#..###.#
###>##
#.#.#
#.@.#
##.@#
##.# #..
####


You could see Edmund.

Vanquished Creatures
  An orc wizard (D:3)
  An adder (D:3)
  2 dart slugs
  2 orcs (D:3)
  6 endoplasms
  A giant cockroach (D:1)
  7 hobgoblins
  A quokka (D:1)
  4 ball pythons
  3 bats
  3 frilled lizards (D:1)
  7 goblins
  6 kobolds
  5 rats
49 creatures vanquished.

Vanquished Creatures (others)
  2 orcs (D:3)
  A giant cockroach (D:3)
  A ball python (D:3)
  A frilled lizard (D:3)
  A kobold (D:3)
  3 rats (D:3)
9 creatures vanquished.

Grand Total: 58 creatures vanquished

Notes
Turn   | Place    | Note
-------+----------+-------------------------------------------
     0 | D:1      | safid the Hill Orc Fighter began the quest for the Orb.
     0 | D:1      | Reached XP level 1. HP: 19/19 MP: 1/1
   107 | D:1      | Reached XP level 2. HP: 27/27 MP: 2/2
   389 | D:1      | Found a faded altar of an unknown god.
   976 | D:2      | Reached XP level 3. HP: 33/33 MP: 3/3
  1442 | D:3      | Became a worshipper of Beogh the Brigand
  1444 | D:3      | Identified the +0 ring mail of Curiosity {rC+ Str+3 Int+4
                  | Dex-4}
  1921 | D:3      | Reached XP level 4. HP: 30/40 MP: 4/4
  2148 | D:3      | Found Gexkiuma's Antique Weapon Shop.
  2363 | D:4      | Noticed Edmund
  2372 | D:4      | Slain by Edmund

Illustrated notes

Levels and vault maps discovered:
D:1:      wander_arrival_fairy_ring, layout_basic,
          dilly_ecumenical_altar_fadedgnrine, minmay_surrounded
D:2:      layout_loops_ring
D:3:      layout_loops_ring, serial_shops,
          nicolae_shop_competitors_out_of_business
D:4:      layout_layer_cave, mainiacjoe_overflow_alcove_1,
          mainiacjoe_overflow_cross_hatched, cheibrodos_sewer_entry_sluice,
          kennysheep_generic_room_4, uniq_edmund, uniq_blork_the_orc,
          uniq_duvessa

Skill      XL: |  1  2  3 |
---------------+----------+-----
Axes           | 3 4 |  4.4
Fighting       | 4 |  4.0
Armour         | 4 |  4.0
Shields        | 4 |  4.0

Action                   |  1- 3 |  4- 6 || total
-------------------------+-------+-------++-------
Melee: War axe           |    84 |    21 ||   105
Invok: Convert to Beogh  |     1 |       ||     1
Armor: Scale mail        |    37 |    10 ||    47
Dodge: Dodged            |    38 |     4 ||    42
Block: Buckler           |    19 |     4 ||    23
